 Dungeon Crawl Stone Soup version 0.26.1-11-gd32895ea62 (webtiles) character file.

Game seed: 16398330352940513807

42 ubername the Ruffian (level 3, 0/28 HPs)
             Began as a Draconian Transmuter on May 17, 2021.
             Slain by an adder (3 damage)
             ... on level 2 of the Dungeon.
             The game lasted 00:03:25 (2379 turns).

ubername the Ruffian (Draconian Transmuter)         Turns: 2379, Time: 00:03:26

Health: 0/28       AC:  5    Str: 12    XL:     3   Next: 35%
Magic:  5/6        EV: 12    Int: 14    God:
Gold:   33         SH:  0    Dex: 11    Spells: 5/6 levels left

rFire    . . .     SeeInvis .   a - -1 spear
rCold    . . .     Faith    .   (no shield)
rNeg     . . .     Spirit   .   (armour unavailable)
rPois    .         Reflect  .   (helmet currently unavailable)
rElec    .         Harm     .   (no cloak)
rCorr    .         Rampage  .   (no gloves)
Will     .....                  (boots currently unavailable)
Stlth    +.........             (no amulet)
HPRegen  0.09/turn              (no ring)
MPRegen  0.10/turn              (no ring)

@: lethally poisoned (0 -> -5), appendages (expiring)
A: unfitting armour, horns 2, talons 2, cold-blooded, AC +5
a: End Transformation


You were on level 2 of the Dungeon.
You had grown temporary horns.
You had grown temporary talons.
You visited 1 branch of the dungeon, and saw 2 of its levels.

You collected 33 gold pieces.

Inventory:

Hand Weapons
 a - a -1 spear (weapon)
 b - a +0 mace
 c - a +0 dagger
 e - a +0 short sword
 g - a +2 short sword of protection
Jewellery
 f - a +6 ring of dexterity
 h - an uncursed ring of protection from cold {unknown}


   Skills:
 + Level 1.2 Fighting
 + Level 0.9 Polearms
 + Level 2.2 Dodging
 + Level 0.1 Stealth
 + Level 3.2 Unarmed Combat
 + Level 2.4 Spellcasting
 + Level 2.5 Transmutations


You had 5 spell levels left.
You knew the following spells:

 Your Spells              Type           Power        Failure   Level
a - Beastly Appendage     Tmut           16%          9%          1

Your spell library contained the following spells:

 Spells                   Type           Power        Failure   Level
 Wereblood                Tmut           8%           12%         2
 Spider Form              Tmut/Pois      2%           38%         3
 Ice Form                 Ice/Tmut       5%           80%         4
 Blade Hands              Tmut           4%           92%         5


Dungeon Overview and Level Annotations

Branches:
Dungeon (2/15)

Altars:


Innate Abilities, Weirdness & Mutations

Your plain brown scales are hard. (AC +5)
You cannot fit into any form of body armour.
You are cold-blooded and may be slowed by cold attacks.
You have a pair of horns on your head.
You have razor-sharp toenails.


Message History

The adder is heavily wounded.
You feel sick. The adder misses you.
You closely miss the adder. Your kick misses the adder.
The adder is heavily wounded.
* * * LOW HITPOINT WARNING * * *
You feel sick. The adder misses you. The adder bites you but does no damage.
You hit the adder. Your kick misses the adder.
The adder is severely wounded.
Your transformation is almost over.
The adder bites you.
* * * LOW HITPOINT WARNING * * *
* * * LOW HITPOINT WARNING * * *
You feel sick.
* * * LOW HITPOINT WARNING * * *
You feel sick. The adder barely misses you.
You aren't carrying any potions.
As you read the scroll labelled MEOW SIDDY, it crumbles to dust.
You feel as if something is helping you.
It was a scroll of remove curse.
The adder bites you.
You die...

...................# #..
######..#.........# #..
#..#.........# #..
#.##..<......# #..
##.##.........# #..
##.†##.........# #..##
#.#............#
#####...######..##.........#
..........bgS@..##.........#
###.......#####.#######.####
#.......(.# ##..######.#
#......................#
#......?..#####.######.#
##....[..## #. #.# ##.....##
#. #.# ##....# # #.# #.#


You could see an adder, a goblin and a bat.

Vanquished Creatures
  An adder (D:2)
  A worm (D:2)
  2 dart slugs
  4 goblins
  7 hobgoblins
  4 bats
  A frilled lizard (D:1)
  4 kobolds (D:1)
  2 rats
26 creatures vanquished.

Notes
Turn   | Place    | Note
-------+----------+-------------------------------------------
     0 | D:1      | ubername the Draconian Transmuter began the quest for the
                  | Orb.
     0 | D:1      | Reached XP level 1. HP: 16/16 MP: 3/3
   515 | D:1      | Reached XP level 2. HP: 23/23 MP: 3/5
  1128 | D:1      | You fall into a shaft and drop 1 floor!
  2306 | D:2      | Reached XP level 3. HP: 28/28 MP: 4/6
  2379 | D:2      | Slain by an adder

Illustrated notes

Levels and vault maps discovered:
D:1:      dpeg_arrival_solitude, layout_loops_ring, serial_forest,
          infiniplex_forest_side_room, infiniplex_forest_clump_diagonal,
          infiniplex_forest_lined_3, infiniplex_forest_lined_2,
          infiniplex_forest_pool, infiniplex_forest_zigzag_1,
          infiniplex_forest_straight_4, infiniplex_forest_pool,
          infiniplex_forest_corner_1, infiniplex_forest_end_2
D:2:      layout_loops_ring, fedhas_altar_3, uniq_sigmund

Skill      XL: |  1  2 |
---------------+-------+-----
Dodging        | 2 |  2.2
Fighting       | |  1.2
Polearms       | |  0.9
Stealth        | |  0.1
Unarmed Combat | |  3.2
Spellcasting   | |  2.4
Transmutations | |  2.5

Action                   || total
-------------------------++-------
Melee: Spear             ||   301
       Tailslap          ||    51
       Headbutt          ||     6
       Kick              ||     6
       Punch             ||     3
 Cast: Beastly Appendage ||    16
  Use: Scroll            ||     3
Armor: Skin              ||    47
Dodge: Dodged            ||   120
